 Dungeon Crawl Stone Soup version 0.25-a0-474-ga8a2ee3166 (webtiles) character file.

Game seed: 9046759782068639587, levelgen mode: deterministic

28 funkygono the Vandal (level 3, -1/24 HPs)
             Began as a Halfling Hunter on Feb 6, 2020.
             Slain by a jackal (3 damage)
             ... on level 1 of the Dungeon.
             The game lasted 00:02:29 (400 turns).

funkygono the Vandal (Halfling Hunter)               Turns: 400, Time: 00:02:29

Health: -1/24      AC:  3    Str: 14    XL:     3   Next: 30%
Magic:  3/3        EV: 14    Int:  9    God:
Gold:   7          SH:  0    Dex: 14    Spells: 2/2 levels left

rFire    . . .     SeeInvis .   a - +0 short sword
rCold    . . .     Gourm    .   (shield restricted)
rNeg     . . .     Faith    .   c - +0 leather armour
rPois    .         Spirit   .   (no helmet)
rElec    .         Reflect  .   (no cloak)
rCorr    .         Harm     .   (no gloves)
MR       .....                  (no boots)
Stlth    +.........             (no amulet)
HPRegen  0.08/turn              (no ring)
MPRegen  0.08/turn              (no ring)

@: no status effects
A: small, mutation resistance 1
a: no special abilities


You were on level 1 of the Dungeon.
You were not hungry.

You visited 1 branch of the dungeon, and saw 1 of its levels.

You collected 7 gold pieces.

Inventory:

Hand Weapons
 a - a +0 short sword (weapon)
 b - a +1 hunting sling
Missiles
 d - 12 sling bullets
Armour
 c - a +0 leather armour (worn)
 e - a +0 pair of gloves
Scrolls
 h - a scroll of identify {unknown}
Potions
 i - a potion of heal wounds {unknown}
Comestibles
 f - 2 rations
 g - 8 chunks of flesh


   Skills:
 * Level 2.1 Fighting
 + Level 0.3 Short Blades
 + Level 6.9 Slings
 + Level 2.2 Dodging
 + Level 1.1 Stealth


You had 2 spell levels left.
You didn't know any spells.
Your spell library was empty.

Dungeon Overview and Level Annotations

Branches:
Dungeon (1/15)

Altars:


Innate Abilities, Weirdness & Mutations

You are small and have problems with some larger weapons.
You are somewhat resistant to further mutation.


Message History

The jackal barely misses you.
You barely miss the jackal.
The jackal is severely wounded.
The jackal misses you.
You barely miss the jackal.
The jackal is severely wounded.
The jackal closely misses you. The jackal barely misses you.
You hit the jackal.
The jackal is almost dead.
The jackal closely misses you.
You hit the jackal but do no damage.
The jackal is almost dead.
The jackal bites you.
* * * LOW HITPOINT WARNING * * *
The jackal bites you.
* * * LOW HITPOINT WARNING * * *
You barely miss the jackal.
The jackal is almost dead.
The jackal bites you.
You die...

### ######.. ......####
.......... ..#.......# .. #.
#.#.#.. .# #.........# ...#.
#(#.#.# .# # #........#
...#.#####(#.#.##.#..###.........
..............gh@................
#.....?...#.####..#.#.........
...#....######.........#.........
.................................
.....##..........................
...# #........÷........#......#.
.. #............######......#. .
#...)..................†.#.
####.÷.....########......#.


You could see a jackal and a goblin.

Vanquished Creatures
  3 hobgoblins (D:1)
  10 jackals (D:1)
  A bat (D:1)
  2 frilled lizards (D:1)
  3 goblins (D:1)
  2 kobolds (D:1)
  5 rats (D:1)
26 creatures vanquished.

Notes
Turn   | Place    | Note
-------+----------+-------------------------------------------
     0 | D:1      | funkygono the Halfling Hunter began the quest for the Orb.
     0 | D:1      | Reached XP level 1. HP: 14/14 MP: 1/1
    20 | D:1      | Reached skill level 6 in Slings
    38 | D:1      | Reached XP level 2. HP: 19/19 MP: 2/2
   250 | D:1      | Reached XP level 3. HP: 9/24 MP: 3/3
   400 | D:1      | Slain by a jackal

Levels and vault maps discovered:
D:1:      doesnt_arrival_eight_statues, layout_basic

Skill      XL: |  1  2 |
---------------+-------+-----
Slings         | 6 |  6.9
Fighting       | 2 |  2.1
Short Blades   | |  0.3
Dodging        | |  2.2
Stealth        | |  1.1

Action                   || total
-------------------------++-------
Melee: Short sword       ||    50
 Fire: Hunting sling     ||    41
Armor: Leather armour    ||    15
Dodge: Dodged            ||    57

Table legend:
 A = Non-vault XP
 B = Vault XP
 C = Vault XP percentage of total XP
 D = Non-vault monster count
 E = Vault monster count
 F = Vault count percentage of total count
                 A         B        C        D         E       F
            +---------+---------+-------+---------+---------+-------
      Total |      41 |       0 |   0.0 |      26 |       0 |   0.0
            +---------+---------+-------+---------+---------+-------
        D:1 |      41 |       0 |   0.0 |      26 |       0 |   0.0
            +---------+---------+-------+---------+---------+-------
